 Dungeon Crawl Stone Soup version 0.20.1-1-g8b1a95d (webtiles) character file.

16660 LLlMATKO the Cleaver (level 12, -1/165 HPs)
             Began as a Minotaur Berserker on Dec 31, 2017.
             Was a High Priest of Trog.
             Slain by a red ugly thing (6 damage)
             ... on level 12 of the Dungeon.
             The game lasted 00:31:01 (12094 turns).

LLlMATKO the Cleaver (Minotaur Berserker)          Turns: 12094, Time: 00:31:03

Health: -1/165     AC: 15    Str: 32    XL:     12   Next: 12%
Magic:  3/3        EV: 15    Int:  4    God:    Trog [*****.]
Gold:   697        SH:  0    Dex: 13    Spells: 11/11 levels left

rFire    + . .     SeeInvis .   K - +3 battleaxe (antimagic)
rCold    . . .     Gourm    .   (shield currently unavailable)
rNeg     . . .     Faith    .   n - +0 chain mail {rF+}
rPois    .         Spirit   .   A - +2 hat
rElec    .         Reflect  .   (no cloak)
rCorr    .         Harm     .   (no gloves)
MR       .....                  I - +0 pair of boots
Stlth    ..........             (no amulet)
Regen    0.4/turn               m - ring of stealth
MPRegen  0.1/turn               L - +3 ring of strength

@: berserking, vulnerable, very quick
A: retaliatory headbutt, horns 2
a: Berserk, Trog's Hand, Brothers in Arms, Burn Spellbooks, Renounce Religion


You were on level 12 of the Dungeon.
You worshipped Trog.
Trog was extremely pleased with you.
You were hungry.

You visited 1 branch of the dungeon, and saw 12 of its levels.

You collected 697 gold pieces.

Inventory:

Hand Weapons
 B - a +2 hand axe of electrocution
 D - a cursed -2 hand axe
 K - a +3 antimagic battleaxe (weapon)
Armour
 n - a +0 chain mail of fire resistance (worn)
 A - a +2 hat (worn)
 I - a +0 pair of boots (worn)
Jewellery
 m - a ring of stealth (left hand)
 L - a +3 ring of strength (right hand)
Wands
 r - a wand of digging (15/24)
 s - a wand of digging (22/24)
 z - a wand of paralysis (3/24)
 F - a wand of confusion (13/48)
Scrolls
 a - a scroll of enchant armour
 b - 2 scrolls of magic mapping
 k - a scroll of summoning {unknown}
 o - 3 scrolls of enchant weapon
 x - 5 scrolls of teleportation
 y - 4 scrolls of remove curse
 C - a scroll of fear {unknown}
 E - 4 scrolls of recharging
 H - a scroll of holy word {unknown}
 J - a scroll of vulnerability {unknown}
Potions
 d - 6 potions of magic
 e - 2 potions of invisibility {unknown}
 f - a potion of haste {unknown}
 g - 2 potions of curing
 i - 2 potions of mutation {unknown}
 l - 2 potions of agility {unknown}
 p - 2 potions of cancellation {unknown}
 q - 2 potions of might {unknown}
 t - 4 potions of heal wounds
 u - 3 potions of lignification {unknown}
 v - a potion of brilliance {unknown}
 G - a potion of flight {unknown}
 M - a potion of berserk rage {unknown}
Comestibles
 c - 9 bread rations
 h - 3 royal jellies
 j - 8 meat rations
 w - 13 chunks of flesh


   Skills:
 + Level 11.4 Fighting
 * Level 14.6 Axes
 + Level 10.8 Armour
 + Level 10.1 Dodging


You had 11 spell levels left.
You didn't know any spells.

Dungeon Overview and Level Annotations

Branches:
Dungeon (12/15)            Temple (0/1) D:4            Lair (0/6) D:11
    Orc (0/2) D:10

Altars:
Cheibriados
Elyvilon
Fedhas
Hepliaklqana
Kikubaaqudgha
Nemelex Xobeh
Okawaru
Qazlal
Uskayaw
Vehumet
Xom
Zin
The Shining One

Shops:
D:8 (


Innate Abilities, Weirdness & Mutations

You reflexively headbutt those who attack you in melee.
You have a pair of horns on your head.


Message History

You feel yourself moving faster!
You feel mighty!
You are feeling hungry.
Something hits you.
* * * LOW HITPOINT WARNING * * *
You cut the red ugly thing into ribbons!!!
The red ugly thing is severely wounded.
You miss something. Something hits you but does no damage.
The red ugly thing punches you!
* * * LOW HITPOINT WARNING * * *
You are engulfed in flames!
You resist.
* * * LOW HITPOINT WARNING * * *
Unknown command.
You closely miss the red ugly thing. You headbutt the red ugly thing!!
The red ugly thing is almost dead.
You slash something! Something hits you.
* * * LOW HITPOINT WARNING * * *
The red ugly thing punches you.
* * * LOW HITPOINT WARNING * * *
You are engulfed in flames.
You resist.
You die...

..........##..C..#
###........##.....##
#.........##..D..##
#..##########.....#+
#..##.......##.....##
###..+.........##Dy...##
.....##.........##DY...#
.#..)########....u#..y..# #######
#..........##..@.##{....##......
#.รท)......####....##..... #.....
#..).....##..'#....##.(.. #....
#.......##....##....##.W. #...
#......##.....###...###.. #..
#.....##(....##.#...#.##. #.
##.....##$[..##..#...#..## ##.
........##?(##...#...#...## ##..
###......####....#...#....####...


You could see a six-headed hydra, a red ugly thing, a vampire mosquito and a sky
beast.

Vanquished Creatures
  4 two-headed ogres
  An unseen horror (D:12)
  Pikel (D:8)
  The ghost of xight the Thaumaturge, a novice DEFE of Vehumet (D:7)
  A phantasmal warrior (D:12)
  2 ugly things
  2 manticores
  A centaur zombie (D:12)
  2 trolls
  2 hornets
  2 hippogriffs
  3 wraiths
  Sigmund (D:3)
  12 yaks
  A hungry ghost (D:8)
  A steam dragon (D:10)
  2 insubstantial wisps (D:10)
  3 water moccasins
  5 orc warriors
  5 sky beasts
  A hornet zombie (D:8)
  3 slaves (D:8)
  A necrophage (D:9)
  A phantom (D:7)
  5 centaurs
  9 ogres
  A crocodile (D:9)
  2 big kobolds (D:6)
  6 bullfrogs
  3 scorpions
  11 killer bees
  7 wights
  7 jellies
  6 howler monkeys
  3 crimson imps
  2 bullfrog zombies
  A quasit (D:10)
  5 hounds
  2 bullfrog skeletons (D:8)
  8 orc priests
  An iron imp (D:6)
  12 orc wizards
  3 iguanas
  Natasha (thrice) (D:3)
  6 worker ants
  A statue (D:5)
  2 hound zombies
  Robin (D:2)
  7 gnolls
  18 adders
  2 shadow imps (D:7)
  5 adder skeletons
  3 worms
  3 dart slugs
  13 leopard geckos
  38 orcs
  7 giant cockroaches
  11 goblins
  11 hobgoblins
  4 jackals (D:9)
  10 kobolds
  4 quokkas
  A ball python (D:2)
  4 bats
  5 frilled lizards
  A quokka skeleton (D:4)
  9 rats
321 creatures vanquished.

Notes
Turn   | Place    | Note
-------+----------+-------------------------------------------
     0 | D:1      | LLlMATKO the Minotaur Berserker began the quest for the Orb.
     0 | D:1      | Reached XP level 1. HP: 19/19 MP: 0/0
   193 | D:1      | Reached XP level 2. HP: 26/26 MP: 1/1
   242 | D:1      | Reached skill level 4 in Axes
   507 | D:2      | Reached XP level 3. HP: 33/33 MP: 2/2
   831 | D:2      | Reached ** piety under Trog
   867 | D:2      | Reached XP level 4. HP: 34/40 MP: 3/3
  1009 | D:2      | Noticed Robin
  1022 | D:2      | Reached skill level 5 in Axes
  1024 | D:2      | Killed Robin
  1652 | D:3      | Reached XP level 5. HP: 44/46 MP: 4/4
  1657 | D:3      | Noticed Natasha
  1682 | D:3      | Killed Natasha
  2041 | D:3      | Noticed Sigmund
  2041 | D:3      | Noticed Natasha
  2046 | D:3      | Killed Sigmund
  2046 | D:3      | Reached skill level 6 in Axes
  2046 | D:3      | Reached XP level 6. HP: 55/55 MP: 5/5
  2051 | D:3      | Killed Natasha
  2051 | D:3      | Reached skill level 5 in Fighting
  2278 | D:3      | Noticed Natasha
  2559 | D:3      | Reached *** piety under Trog
  2577 | D:3      | Killed Natasha
  2854 | D:3      | Found a sparkling altar of Nemelex Xobeh.
  3037 | D:4      | Found a hazy altar of Hepliaklqana.
  3098 | D:4      | Found an iron altar of Okawaru.
  3325 | D:4      | Reached XP level 7. HP: 60/61 MP: 6/6
  3354 | D:4      | Found a staircase to the Ecumenical Temple.
  3581 | D:5      | Entered Level 5 of the Dungeon
  3600 | D:5      | Found a radiant altar of Vehumet.
  4065 | D:5      | Reached skill level 5 in Armour
  4498 | D:5      | Reached skill level 7 in Axes
  4748 | D:5      | Reached **** piety under Trog
  4849 | D:5      | Reached skill level 5 in Dodging
  4849 | D:5      | Reached XP level 8. HP: 54/70 MP: 7/7
  4953 | D:5      | Reached skill level 8 in Axes
  4971 | D:5      | Reached skill level 9 in Axes
  5493 | D:6      | Found a snail-covered altar of Cheibriados.
  5889 | D:6      | Reached XP level 9. HP: 79/79 MP: 8/8
  6706 | D:7      | Noticed xight's ghost (novice DEFE)
  6714 | D:7      | Killed xight's ghost
  6714 | D:7      | Reached skill level 10 in Axes
  7227 | D:7      | Reached ***** piety under Trog
  7255 | D:7      | Reached skill level 11 in Axes
  7507 | D:7      | Found a glowing silver altar of Zin.
  7550 | D:7      | Found a blossoming altar of Fedhas.
  7585 | D:7      | Found an ancient bone altar of Kikubaaqudgha.
  7890 | D:8      | Noticed Pikel
  7897 | D:8      | Killed Pikel
  7897 | D:8      | Reached XP level 10. HP: 82/91 MP: 9/9
  7922 | D:8      | Found Tedise's Weapon Shop.
  8014 | D:8      | Noticed a two-headed ogre
  8022 | D:8      | Killed a two-headed ogre
  8097 | D:8      | Reached skill level 12 in Axes
  8345 | D:9      | Paralysed by a hornet for 3 turns
  8584 | D:9      | Found a shimmering altar of Xom.
  8649 | D:9      | Found a hide-covered altar of Uskayaw.
  8690 | D:9      | Found a stormy altar of Qazlal.
  8921 | D:9      | Found a glowing golden altar of the Shining One.
  9209 | D:10     | Entered Level 10 of the Dungeon
  9231 | D:10     | Received a gift from Trog
  9241 | D:10     | Noticed a two-headed ogre
  9243 | D:10     | Found a staircase to the Orcish Mines.
  9248 | D:10     | Killed a two-headed ogre
  9248 | D:10     | Reached XP level 11. HP: 81/99 MP: 3/10
  9254 | D:10     | Reached skill level 10 in Fighting
  9562 | D:10     | Noticed a two-headed ogre
  9569 | D:10     | Reached skill level 13 in Axes
  9570 | D:10     | Killed a two-headed ogre
  9739 | D:10     | Noticed a two-headed ogre
  9748 | D:10     | Killed a two-headed ogre
  9968 | D:10     | Reached skill level 10 in Armour
 10686 | D:11     | Found a white marble altar of Elyvilon.
 10961 | D:11     | Noticed a purple ugly thing
 10966 | D:11     | Killed a purple ugly thing
 10966 | D:11     | Reached skill level 14 in Axes
 11213 | D:11     | Found a staircase to the Lair.
 11824 | D:12     | Noticed a brown ugly thing
 11830 | D:12     | Killed a brown ugly thing
 11849 | D:12     | Reached XP level 12. HP: 104/110 MP: 3/11
 11950 | D:12     | Reached skill level 10 in Dodging
 12087 | D:12     | Noticed a centaur warrior
 12088 | D:12     | Noticed an ettin
 12088 | D:12     | Noticed a six-headed hydra
 12094 | D:12     | HP: 8/165 [something (3)]
 12094 | D:12     | Slain by a red ugly thing

Skill      XL: |  1  2  3  4  5  6  7  8  9 10 11 12 |
---------------+-------------------------------------+-----
Axes           | 4 5 6 7 9 11 12 14 | 14.6
Armour         | 3 4 5 6 8 9 10 | 10.8
Dodging        | 3 4 5 6 7 8 9 10 | 10.1
Fighting       | 4 5 6 7 9 11 | 11.4

Action                   |  1- 3 |  4- 6 |  7- 9 | 10-12 || total
-------------------------+-------+-------+-------+-------++-------
Melee: Spear             |   123 |   239 |   256 |       ||   618
       Headbutt          |    15 |    38 |    85 |    81 ||   219
       Hand axe          |     4 |       |    85 |   142 ||   231
       War axe           |       |       |    33 |       ||    33
       Battleaxe         |       |       |       |   241 ||   241
Invok: Berserk           |       |     3 |     5 |     7 ||    15
       Brothers in Arms  |       |       |       |     1 ||     1
  Use: Scroll            |     2 |     5 |     5 |     7 ||    19
       Potion            |       |       |     1 |       ||     1
  Eat: Chunk             |       |    11 |    17 |    20 ||    48
       Fruit             |       |       |     3 |       ||     3
Armor: Plate armour      |    55 |    31 |       |       ||    86
       Animal skin       |     4 |       |       |       ||     4
       Chain mail        |       |    61 |   117 |   193 ||   371
Dodge: Dodged            |    40 |    59 |   142 |   208 ||   449
